 Dungeon Crawl Stone Soup version 0.24-a0-769-g368c164 (webtiles) character file.

Game seed: 4118474179870962699, levelgen mode: deterministic

123 BoppinsLewinski the Cudgeler (level 4, -2/37 HPs)
             Began as a Centaur Gladiator on Oct 7, 2019.
             Was an Initiate of Okawaru.
             Slain by a centaur (7 damage)
             ... on level 3 of the Dungeon.
             The game lasted 00:04:24 (2592 turns).

BoppinsLewinski the Cudgeler (Centaur Gladiator)    Turns: 2592, Time: 00:04:25

Health: -2/37      AC:  7    Str: 17    XL:     4   Next: 80%
Magic:  4/4        EV:  8    Int:  7    God:    Okawaru [......]
Gold:   89         SH:  0    Dex: 11    Spells: 3/3 levels left

rFire    . . .     SeeInvis .   a - +0 flail
rCold    . . .     Gourm    .   (no shield)
rNeg     . . .     Faith    .   e - +0 scale mail
rPois    .         Spirit   .   c - +0 helmet
rElec    .         Reflect  .   (no cloak)
rCorr    .         Harm     .   (no gloves)
MR       .....                  (no barding)
Stlth    ..........             (no amulet)
HPRegen  0.12/turn              (no ring)
MPRegen  0.09/turn              (no ring)

@: very quick
A: large, hooves 3, deformed body, speed 2, tough skin 3
a: Renounce Religion


You were on level 3 of the Dungeon.
You worshipped Okawaru.
Okawaru was noncommittal.
You were hungry.

You visited 1 branch of the dungeon, and saw 3 of its levels.

You collected 89 gold pieces.

Inventory:

Hand Weapons
 a - a +0 flail (weapon)
Missiles
 d - 4 throwing nets (quivered)
Armour
 b - a +0 leather armour
 c - a +0 helmet (worn)
 e - a +0 scale mail (worn)
Jewellery
 i - an uncursed amulet of rage {unknown}
Scrolls
 h - a scroll of noise
 k - a scroll of fear {unknown}
 n - a scroll of identify {unknown}
Potions
 g - a potion of heal wounds
 j - a potion of ambrosia {unknown}
 l - 2 potions of curing {unknown}
 m - a potion of mutation {unknown}
Comestibles
 f - 6 rations


   Skills:
 + Level 2.8 Fighting
 * Level 3.8 Maces & Flails
 - Level 2.1 Throwing
 + Level 1.2 Armour
 + Level 2.7 Dodging


You had 3 spell levels left.
You didn't know any spells.
Your spell library was empty.

Dungeon Overview and Level Annotations

Branches:
Dungeon (3/15)

Altars:
Okawaru
Sif Muna


Innate Abilities, Weirdness & Mutations

You have hooves in place of feet.
Armour fits poorly on your strangely shaped body.
You cover ground very quickly.
You have extremely tough skin. (AC +3)


Message History

Ye be too injured ta fight recklessly!
Ye be too injured ta fight recklessly!
Ye hit tha centaur.
Yer kick misses tha centaur.
Tha centaur be heavily wounded.
Tha centaur hits ye.
Tha centaur hits ye but does nay damage.
Unknown command.
Ye hit tha centaur but do nay damage.
Tha centaur be heavily wounded.
Tha centaur hits ye!
* * * LOW HITPOINT WARNIN'
* * * Tha centaur closely misses ye.
Unknown command.
Throwin' (i - inventory)
d - 5 throwin' nets (quiv'red)
Press: ? - help, Shift-Dir - straight line, f - centaur
Aim: a centaur (heavily wounded) Ye throw a throwin' net.
Tha throwin' net barely misses tha centaur.
Tha centaur hits ye!
Ye die...

# #. # ## #.#####.#
c..#.....#(#
...........##
............#
########c##
..#......@..# .
#.###.#.######..# .
....#.#.#.......# ..
#.#.#.#.#.###...#
...#.#.#.#.#.# #...#
##.#.#.#.#.#.###...#
......>............#
##.#.#.#...........#
........<#.#.......#


You could see a centaur.

Vanquished Creatures
  A worker ant (D:2)
  5 adders (D:2)
  An ooze (D:1)
  2 worms (D:2)
  A dart slug (D:1)
  A leopard gecko (D:1)
  8 goblins
  5 hobgoblins
  2 jackals (D:1)
  3 kobolds
  A quokka (D:2)
  A ball python (D:2)
  4 bats
  6 frilled lizards
  6 rats
47 creatures vanquished.

Notes
Turn   | Place    | Note
-------+----------+-------------------------------------------
     0 | D:1      | BoppinsLewinski the Centaur Gladiator began the quest for
                  | the Orb.
     0 | D:1      | Reached XP level 1. HP: 17/17 MP: 1/1
   284 | D:1      | Reached XP level 2. HP: 21/24 MP: 2/2
   307 | D:1      | Reached skill level 3 in Maces & Flails
   844 | D:2      | Reached XP level 3. HP: 17/30 MP: 3/3
  1351 | D:2      | Found a shimmering blue altar of Sif Muna.
  1542 | D:2      | Reached skill level 1 in Armour
  1789 | D:2      | Reached XP level 4. HP: 33/37 MP: 4/4
  2140 | D:2      | Found an iron altar of Okawaru.
  2196 | D:2      | Became a worshipper of Warmaster Okawaru
  2581 | D:3      | Noticed a centaur
  2592 | D:3      | Slain by a centaur

Levels and vault maps discovered:
D:1:      lightli_arrival_noodles, layout_basic
D:2:      layout_loops_ring, lemuel_coloured_pillars_altar,
          lemuel_blue_sif_altar, first_ration
D:3:      layout_basic, trog_eyes_of_draining

Skill      XL: |  1  2  3 |
---------------+----------+-----
Maces & Flails | 3 |  3.8
Armour         | 1 |  1.2
Fighting       | |  2.8
Throwing       | |  2.1
Dodging        | |  2.7

Action                   |  1- 3 |  4- 6 || total
-------------------------+-------+-------++-------
Melee: Flail             |    82 |    52 ||   134
       Kick              |    13 |    16 ||    29
Throw: Throwing net      |       |     1 ||     1
  Use: Scroll            |     6 |       ||     6
       Potion            |     2 |       ||     2
 Stab: Invisible         |     1 |       ||     1
  Eat: Chunk             |     2 |     1 ||     3
Armor: Leather armour    |    21 |       ||    21
       Scale mail        |    12 |    45 ||    57
Dodge: Dodged            |    36 |    22 ||    58

Table legend:
 A = Non-vault XP
 B = Vault XP
 C = Vault XP percentage of total XP
 D = Non-vault monster count
 E = Vault monster count
 F = Vault count percentage of total count
                 A         B        C        D         E       F
            +---------+---------+-------+---------+---------+-------
      Total |     177 |       0 |   0.0 |      47 |       0 |   0.0
            +---------+---------+-------+---------+---------+-------
        D:1 |      33 |       0 |   0.0 |      16 |       0 |   0.0
        D:2 |     142 |       0 |   0.0 |      29 |       0 |   0.0
        D:3 |       2 |       0 |   0.0 |       2 |       0 |   0.0
            +---------+---------+-------+---------+---------+-------
